 Dungeon Crawl Stone Soup version 0.30-a0-568-g124715a40b (webtiles) character file.

Game seed: 291979460216590560

993 bmack86 the Chopper (level 7, 0/63 HPs)
             Began as a Minotaur Fighter on Dec 28, 2022.
             Killed by divine providence
             ... invoked by an orc priest
              (8 damage)
             ... on level 5 of the Dungeon.
             The game lasted 00:12:46 (4662 turns).

bmack86 the Chopper (Minotaur Fighter)              Turns: 4662, Time: 00:12:47

Health: 0/63       AC: 10    Str: 23    XL:     7   Next: 98%
Magic:  6/6        EV:  9    Int: 11    God:
Gold:   323        SH:  5    Dex: 15    Spells: 6/6 levels left

rFire   . . .      SeeInvis .    a - +0 war axe (venom)
rCold   . . .      Faith    .    c - +0 buckler
rNeg    . . .      Spirit   .    b - +0 scale mail
rPois   .          Reflect  .    (helmet restricted)
rElec   .          Harm     .    (no cloak)
rCorr   .          Rampage  .    e - +2 pair of gloves
Will    .....                    (no boots) Stlth
                                 (no amulet)
HPRegen 0.30/turn                i - +6 ring of dexterity
MPRegen 0.10/turn                x - +6 ring of intelligence

@: no status effects
A: horns 2, retaliatory headbutt
a: no special abilities


You were on level 5 of the Dungeon.
You visited 1 branch of the dungeon, and saw 5 of its levels.
You also visited: Ossuary.

You collected 323 gold pieces.

Inventory:

Hand Weapons
 a - a +0 war axe of venom (weapon)
Missiles
 q - 2 silver javelins (quivered)
 w - 6 boomerangs
Armour
 b - a +0 scale mail (worn)
 c - a +0 buckler (worn)
 e - a +2 pair of gloves (worn)
Jewellery
 i - a +6 ring of dexterity (left hand)
 j - a ring of magical power
 x - a +6 ring of intelligence (right hand)
Wands
 m - a wand of polymorph (14)
 s - a wand of digging (6)
Scrolls
 k - 2 scrolls of teleportation
 p - a scroll of blinking
Potions
 d - 2 potions of might
 f - a potion of invisibility {unknown}
 g - a potion of haste
 h - 2 potions of cancellation
 l - 5 potions of curing
 n - a potion of degeneration {unknown}
 o - a potion of resistance {unknown}
 r - a potion of lignification {unknown}
 t - a potion of mutation {unknown}
 u - a potion of heal wounds {unknown}
 v - a potion of flight {unknown}


   Skills:
 + Level 6.0 Fighting
 * Level 6.9 Axes
 + Level 1.5 Throwing
 + Level 6.0 Armour
 + Level 5.9 Shields
 + Level 1.3 Evocations


You had 6 spell levels left.
You didn't know any spells.
Your spell library contained the following spells:

 Spells                   Type           Power      Damage    Failure   Level
 Necrotise                Necr           0%         1d4       71%         1
 Vampiric Draining        Necr           0%         2d6       97%         3
 Summon Ice Beast         Ice/Summ       0%         N/A       100%        4
 Agony                    Necr           0%         N/A       100%        5
 Summon Mana Viper        Hex/Summ       0%         N/A       100%        5
 Monstrous Menagerie      Summ           0%         N/A       100%        7


Dungeon Overview and Level Annotations

Branches:
Dungeon (5/15)            Ossuary (visited)
 Temple: D:4-7

Altars:

Shops:
D:1 :


Innate Abilities, Weirdness & Mutations

You have a pair of horns on your head.
You reflexively headbutt those who attack you in melee.


Message History

The orc priest invokes the aid of Beogh against you.
Beogh smites you!
The orc priest calls down the wrath of Beogh upon you.
Beogh smites you!
The orc priest invokes the aid of Beogh against you.
Beogh smites you!
* * * LOW HITPOINT WARNING * * *
An orc comes into view. It is wielding a +0 flail.
You are too injured to fight recklessly!
Throw: 4 javelins (silver)
Press: ? - help, Q - select action, (/) - cycle Shift-Dir - straight line, f - orc
Aim: an orc, wielding a +0 falchion and wearing a +0 leather armour (62% to hit)
You throw a silver javelin.
The silver javelin barely misses the orc.
The orc shouts!
The silver javelin pierces through the orc but does no damage.
The orc is lightly wounded.
The silver javelin closely misses the orc priest.
The orc priest calls upon Beogh to heal the orc.
The orc's wounds heal themselves!
Throw: 3 javelins (silver)
Press: ? - help, Q - select action, (/) - cycle Shift-Dir - straight line, f/p - orc
Aim: an orc, wielding a +0 falchion and wearing a +0 leather armour (62% to hit)
You throw a silver javelin.
The silver javelin pierces through the orc but does no damage.
The orc is lightly wounded.
The silver javelin pierces through the orc.
You kill the orc!
The silver javelin barely misses the orc.
The silver javelin pierces through the orc priest!
The orc priest is almost dead.
You barely miss the orc. You headbutt the orc.
The orc is heavily wounded.
The orc hits you but does no damage.
The orc priest invokes the aid of Beogh against you.
Beogh smites you!
* * * LOW HITPOINT WARNING * * *
The orc priest calls down the wrath of Beogh upon you.
Beogh smites you!
You die...

............##
........#.#)#
.#####.##.#.# .#
#......#
.########.###
....# #.# .##.#
###.### .##.#
#.....# #####>###
.##.# #.#.#.#
#@oo)o..( ....#
#.#.#.####.###o###
....###.#........#
.........#..######
.#.####.....# ##.#
###.### ##.# #.#
...# #.# #### #.#


You could see 2 orc priests and 2 orcs.

Vanquished Creatures
  An ice beast (D:5)
  A black bear (D:4)
  An ogre (D:5)
  A centaur (D:4)
  A bullfrog (D:5)
  A scorpion (D:5)
  2 water moccasin zombies (Ossuary)
  2 hounds (D:4)
  2 iguanas
  2 orc wizards (D:4)
  2 mummies (Ossuary)
  4 gnolls (D:4)
  4 adders
  A white imp (D:5)
  2 adder zombies (Ossuary)
  A worm (D:2)
  4 dart slugs
  8 orcs
  2 bats
  8 endoplasms
  3 giant cockroaches (D:4)
  4 gnoll zombies (Ossuary)
  10 goblins
  9 hobgoblins
  8 jackals
  10 kobolds
  2 quokkas
  15 ball pythons
  4 frilled lizards
  5 hobgoblin zombies (Ossuary)
  6 kobold zombies (Ossuary)
  2 orc zombies (Ossuary)
  6 rats
134 creatures vanquished.

Notes
Turn   | Place    | Note
-------+----------+-------------------------------------------
     0 | D:1      | bmack86 the Minotaur Fighter began the quest for the Orb.
     0 | D:1      | Reached XP level 1. HP: 19/19 MP: 0/0
   178 | D:1      | Reached XP level 2. HP: 27/27 MP: 1/1
   282 | D:1      | Found Sokkegh's Book Emporium.
   335 | D:1      | Reached XP level 3. HP: 33/33 MP: 2/2
   795 | D:2      | Found a faded altar of an unknown god.
  1258 | D:2      | Reached XP level 4. HP: 39/40 MP: 3/3
  2646 | D:4      | Noticed a black bear
  2656 | D:4      | Killed a black bear
  2657 | D:4      | Reached XP level 5. HP: 41/47 MP: 4/4
  2829 | D:4      | Reached skill level 5 in Axes
  2829 | D:4      | Reached XP level 6. HP: 30/55 MP: 5/5
  2831 | D:4      | Reached skill level 5 in Fighting
  2831 | D:4      | Reached skill level 5 in Armour
  3043 | D:4      | Found a sand-covered staircase.
  3048 | Ossuary  | Entered an ossuary
  3088 | Ossuary  | Reached skill level 5 in Shields
  3216 | D:4      | Reached XP level 7. HP: 33/61 MP: 6/6
  4162 | D:5      | Entered Level 5 of the Dungeon
  4181 | D:5      | Reached skill level 1 in Throwing
  4419 | D:5      | Reached skill level 1 in Evocations
  4662 | D:5      | Killed from afar by an orc priest

Illustrated notes

Levels and vault maps discovered:
D:1:      roderic_chinese_lattice_arrival, layout_basic, serial_shops,
          nicolae_shop_competitors_out_of_business
D:2:      layout_basic, dreamdust_ecumenical_altar_angels_and_demons
D:3:      layout_loops_corners, grunt_ministairs_12
D:4:      minmay_octagon_keep, layout_cave_pods, enter_ossuary_2, abandoned_shop
D:5:      layout_loops_cross, nzn_hepliaklqana_mist_gate,
          minmay_temple_entry_purple_smoke

Skill      XL: |  1  2  3  4  5  6  7 |
---------------+----------------------+-----
Axes           | 3 4 5 6 |  6.9
Fighting       | 4 5 6 |  6.0
Armour         | 4 5 6 |  6.0
Shields        | 4 5 |  5.9
Throwing       | 1 |  1.5
Evocations     | 1 |  1.3

Action                   |  1- 3 |  4- 6 |  7- 9 || total
-------------------------+-------+-------+-------++-------
Melee: War axe           |    62 |   112 |    46 ||   220
       Headbutt          |    13 |    22 |     6 ||    41
Throw: Javelin           |       |       |     6 ||     6
  Use: Scroll            |     2 |    10 |     1 ||    13
       Potion            |       |     1 |       ||     1
Armor: Scale mail        |    32 |    55 |    27 ||   114
Dodge: Dodged            |    34 |    67 |    20 ||   121
Block: Buckler           |    17 |    42 |    15 ||    74

Table legend: (Time is in decaauts)
 A = Elapsed time spent in this place.
 B = Non-inter-level travel time spent in this place.
 C = Inter-level travel time spent in this place.
 D = Time resting spent in this place.
 E = Time spent auto-exploring this place.
 F = Levels seen in this place.
 G = Mean time per level.
                   A        B        C        D        E       F      G
               +--------+--------+--------+--------+--------+-----+--------+
         Total |   4728 |   4280 |    448 |    190 |   2697 |   6 |  788.0 |
       Dungeon |   4560 |   4112 |    448 |    190 |   2697 |   5 |  912.0 |
       Ossuary |    168 |    168 |      0 |      0 |      0 |   1 |  168.0 |
               +--------+--------+--------+--------+--------+-----+--------+

Top non-repeatable levels by time:
     D:4: 1446 daAuts
     D:3: 1116 daAuts
     D:1: 765 daAuts
     D:2: 728 daAuts
     D:5: 503 daAuts
 Ossuary: 168 daAuts
